 Dungeon Crawl Stone Soup version 0.26-a0-651-gb41185065b (webtiles) character file.

Game seed: 9803363605057040006

1910 Irenicus the Cleaver (level 8, 0/66 HPs)
             Began as a Deep Dwarf Gladiator on Oct 2, 2020.
             Slain by an orc warrior
             ... wielding a +0 flail
              (5 damage)
             ... on level 6 of the Dungeon.
             The game lasted 00:20:56 (2716 turns).

Irenicus the Cleaver (Deep Dwarf Gladiator)         Turns: 2716, Time: 00:20:56

Health: 0/66       AC:  7    Str: 17    XL:     8   Next: 94%
Magic:  7/7        EV: 13    Int: 10    God:
Gold:   372        SH:  0    Dex: 22    Spells: 7/7 levels left

rFire    . . .     SeeInvis .   a - +1 war axe
rCold    . . .     Faith    .   (no shield)
rNeg     + + .     Spirit   .   u - +0 ring mail "Xyabac" {*Contam Rampage +Blink rN++} (curse)
rPois    .         Reflect  .   c - +0 helmet
rElec    .         Harm     .   (no cloak)
rCorr    .         Rampage  +   e - +0 pair of gloves
MR       +....                  (no boots)
Stlth    +.........             s - amulet of the acrobat
HPRegen  0.00/turn              n - +6 ring of dexterity
MPRegen  0.10/turn              m - +4 ring of slaying

@: non-regenerating
A: damage resistance, heal wounds, sense surroundings 1, no regeneration
a: Heal Wounds, Evoke Blink


You were on level 6 of the Dungeon.
You visited 2 branches of the dungeon, and saw 7 of its levels.
You also visited: Sewer and Ossuary.

You collected 372 gold pieces.

Inventory:

Hand Weapons
 a - a +1 war axe (weapon)
Armour
 c - a +0 helmet (worn)
 e - a +0 pair of gloves (worn)
   (You found it on level 3 of the Dungeon)
 l - a +1 scale mail of cold resistance
   (You found it on level 2 of the Dungeon)
 u - the cursed +0 ring mail "Xyabac" (worn) {*Contam Rampage +Blink rN++}
   (You found it on level 4 of the Dungeon)

   It greatly protects you from negative energy.
   It lets you blink.
   It causes magical contamination when unequipped.
   It bestows one free step when moving towards enemies.
   It has a curse placed upon it.
Jewellery
 f - an uncursed ring of resist corrosion
   (You found it on level 1 of the Dungeon)
 m - a +4 ring of slaying (right hand)
   (You found it on level 2 of the Dungeon)
 n - a +6 ring of dexterity (left hand)
   (You found it on level 2 of the Dungeon)
 s - an amulet of the acrobat (around neck)
   (You took it off an orc on level 3 of the Dungeon)
 w - an uncursed ring of fire {rF+, rC-}
   (You found it in a sewer)
Wands
 r - a wand of flame (17)
   (You found it on level 4 of the Dungeon)
 x - a wand of enslavement (11)
   (You found it in a sewer)
Scrolls
 b - 3 scrolls of random uselessness {unknown}
 d - a scroll of immolation {unknown}
 g - 3 scrolls of teleportation
 i - a scroll of identify
 k - a scroll of noise {unknown}
 o - 5 scrolls of remove curse
Potions
 h - 3 potions of mutation {!q}
 j - 2 potions of brilliance
 q - a potion of invisibility
 t - a potion of curing
 v - 2 potions of berserk rage {!q}
 z - 2 potions of lignification {!q}
 A - a potion of flight


   Skills:
 - Level 1.7 Fighting
 + Level 11.4 Axes
 - Level 1.7 Throwing
 - Level 3.2 Dodging
 - Level 7.3 Evocations


You had 7 spell levels left.
You didn't know any spells.
Your spell library was empty.

Dungeon Overview and Level Annotations

Branches:
Dungeon (6/15)             Temple (1/1) D:4           Sewer (visited)
Ossuary (visited)

Altars:
Cheibriados
Dithmenos
Fedhas
Nemelex Xobeh
Okawaru
Qazlal
Sif Muna
Trog
Uskayaw
Vehumet
Wu Jian
Xom
Yredelemnul
Zin
The Shining One


Innate Abilities, Weirdness & Mutations

You are resistant to damage.
You can heal yourself by infusing magical energy.
You passively map a small area around you.
You do not regenerate.


Message History

The centaur shouts!
The orc warrior shouts!
The orc shouts!
The centaur wields a +0 shortbow.
The centaur shoots an arrow.
The arrow completely misses you.
The centaur shoots an arrow.
The arrow hits you.
There is an open door here.
You see here 2 arrows.
You rampage towards the orc!
An orc, an orc wizard and a skeleton come into view.
The orc wizard shouts!
The centaur shoots an arrow.
The arrow completely misses you. The orc completely misses you.
The centaur shoots an arrow.
The arrow misses you.
The bullfrog skeleton barely misses you.
The centaur shoots an arrow.
The arrow hits you.
* * * LOW HITPOINT WARNING * * *
You see here an arrow.
You take 2 damage, and have 19/66 hp.
The centaur unwields a +0 shortbow.
The centaur completely misses you.
A wight comes into view. It is wielding a +0 scimitar.
The centaur completely misses you.
The bullfrog skeleton barely misses you.
The centaur completely misses you. The centaur misses you.
You hit the centaur.
The centaur is moderately wounded.
The centaur closely misses you.
You barely miss the centaur.
The centaur is moderately wounded.
The centaur barely misses you. The centaur hits you.
The orc closely misses you.
You slash the centaur!
The centaur is almost dead.
You hit the orc. The centaur barely misses you.
You hit the centaur.
The centaur is almost dead.
You hit the orc.
You kill the orc!
The centaur misses you. The centaur completely misses you.
You slash the centaur!
You kill the centaur!
Your Axes skill increases to level 11!
You slice the orc!!
You kill the orc!
You barely miss the wight. You barely miss the orc wizard.
The wight closely misses you.
The orc wizard points at you and mumbles some strange words.
The magic dart hits you.
You completely miss the orc wizard. You hit the wight but do no damage.
The wight misses you. The orc wizard closely misses you.
A wight comes into view. It is wielding a -3 halberd.
A wight comes into view.
It is wielding a +2 hand axe of freezing.
You barely miss the wight. You closely miss the orc wizard. You slash the orc!
You kill the orc!
The orc wizard points at you and mumbles some strange words.
You resist with almost no effort. The wight barely misses you.
You slash the wight!
The wight is severely damaged.
You hit the orc wizard. You hit the bullfrog skeleton.
The bullfrog skeleton hits you but does no damage.
The wight hits you with a cursed +0 scimitar.
* * * LOW HITPOINT WARNING * * *
You partially resist.
You feel drained.
You take 1 damage, and have 18/66 hp.
You closely miss the orc wizard.
The orc wizard is heavily wounded.
You hit the wight. You hit the bullfrog skeleton.
The bullfrog skeleton hits you.
* * * LOW HITPOINT WARNING * * *
The wight barely misses you.
You take 3 damage, and have 15/66 hp.
You slash the orc wizard!
You kill the orc wizard!
Your life force feels restored.
You slash the bullfrog skeleton! You barely miss the wight.
The bullfrog skeleton hits you.
You closely miss the wight.
The wight is almost destroyed.
You barely miss the bullfrog skeleton.
The bullfrog skeleton closely misses you.
You slash the bullfrog skeleton!
The bullfrog skeleton is almost destroyed.
You hit the wight but do no damage. x2; The bullfrog skeleton misses you.
The wight closely misses you. The wight barely misses you.
You barely miss the wight.
The wight is almost destroyed.
You hit the wight. You hit the bullfrog skeleton.
You destroy the bullfrog skeleton!
The wight hits you with a cursed +0 scimitar!
* * * LOW HITPOINT WARNING * * *
You take 10 damage, and have 5/66 hp.
You slash the wight!
You destroy the wight!
You hit the wight.
You destroy the wight!
You hit the orc warrior but do no damage.
The orc warrior closely misses you.
You hit the orc warrior.
The orc warrior is lightly wounded.
You hit the wight.
The orc warrior hits you with a +0 flail.
You die...

,, , ,, .........
, * ....z... *
#......,
######.....
#........., ,, ,
#........#,,
#......z###** ,
#......)@.#**, ,
,
#######.....o###,
#.....(...(...#..
*
##.####.........#
#.# #(.......## ,
#.# #..........#
, #.#
#........### *
#.# ####......# ,
#.# #....#...


You could see an orc warrior and a wight.

Vanquished Creatures
  Pikel (D:4)
  Edmund (D:4)
  4 ogres
  A crocodile (Sewer)
  A lemure (D:4)
  A centaur (D:6)
  2 wights (D:6)
  A bullfrog zombie (D:5)
  A centaur skeleton (D:5)
  A jelly (D:5)
  2 bullfrog skeletons
  3 orc priests
  A hound (D:4)
  5 orc wizards
  2 worker ants (D:4)
  5 mummies (Ossuary)
  A worker ant zombie (D:5)
  7 gnolls
  5 adders
  An ooze (D:5)
  An adder skeleton (D:4)
  4 dart slugs
  2 leopard geckos
  17 orcs
  8 bats
  2 giant cockroaches
  2 gnoll zombies (Ossuary)
  15 goblins
  7 hobgoblins
  13 jackals
  A quokka (D:5)
  3 ball pythons
  4 frilled lizards
  4 hobgoblin zombies (Ossuary)
  11 kobolds
  A kobold zombie (Ossuary)
  An orc zombie (Ossuary)
  8 rats
150 creatures vanquished.

Vanquished Creatures (collateral kills)
  A hound (D:4)
1 creature vanquished.

Vanquished Creatures (others)
  A plant (D:3)
1 creature vanquished.

Grand Total: 152 creatures vanquished

Notes
Turn   | Place    | Note
-------+----------+-------------------------------------------
     0 | D:1      | Irenicus the Deep Dwarf Gladiator began the quest for the
                  | Orb.
     0 | D:1      | Reached XP level 1. HP: 19/19 MP: 1/1
   110 | D:1      | Reached skill level 4 in Axes
   110 | D:1      | Reached XP level 2. HP: 26/26 MP: 2/2
   464 | D:1      | Reached XP level 3. HP: 29/32 MP: 3/3
   529 | D:2      | Reached skill level 5 in Axes
   550 | D:2      | Found a shadowy altar of Dithmenos.
   670 | D:2      | Reached XP level 4. HP: 27/39 MP: 4/4
  1062 | D:3      | Reached skill level 6 in Axes
  1151 | D:3      | Reached XP level 5. HP: 20/45 MP: 5/5
  1171 | D:3      | Found an iron altar of Okawaru.
  1318 | D:4      | Noticed an ogre
  1321 | D:4      | Found a radiant altar of Vehumet.
  1322 | D:4      | Got a smoking ring mail
  1328 | D:4      | Killed an ogre
  1328 | D:4      | Reached skill level 7 in Axes
  1328 | D:4      | Reached XP level 6. HP: 23/52 MP: 6/6
  1351 | D:4      | Found a glowing drain.
  1355 | Sewer    | Entered a sewer
  1407 | Sewer    | Reached skill level 8 in Axes
  1479 | D:4      | Found a staircase to the Ecumenical Temple.
  1488 | D:4      | Found a sand-covered staircase.
  1514 | Temple   | Entered the Ecumenical Temple
  1609 | Ossuary  | Entered an ossuary
  1626 | Ossuary  | HP: 8/52 [mummy (15)]
  1653 | Ossuary  | Identified the cursed +0 ring mail "Xyabac" {*Contam
                  | Rampage +Blink rN++} (You found it on level 4 of the
                  | Dungeon)
  1671 | Ossuary  | HP: 7/52 [gnoll zombie (1)]
  1871 | D:3      | Found a glowing golden altar of the Shining One.
  1872 | D:3      | Found a glowing silver altar of Zin.
  2052 | D:4      | HP: 3/52 [orc wizard/magic dart (4)]
  2065 | D:4      | Reached skill level 1 in Evocations
  2084 | D:4      | Noticed Pikel
  2087 | D:4      | Reached XP level 7. HP: 9/58 MP: 7/7
  2118 | D:4      | Killed Pikel
  2118 | D:4      | Reached skill level 7 in Evocations
  2135 | D:4      | HP: 8/58 [bullfrog skeleton (1)]
  2137 | D:4      | Reached XP level 8. HP: 9/66 MP: 8/8
  2168 | D:4      | Noticed Edmund
  2184 | D:4      | Reached skill level 9 in Axes
  2185 | D:4      | HP: 8/66 [worker ant (1)]
  2218 | D:4      | Killed Edmund
  2282 | D:4      | Found a bloodstained altar of Trog.
  2312 | D:4      | Reached skill level 10 in Axes
  2361 | D:4      | HP: 12/66 [orc wizard/magic dart (2)]
  2432 | D:5      | Entered Level 5 of the Dungeon
  2444 | D:5      | HP: 11/66 [ooze (1)]
  2458 | D:5      | HP: 9/66 [orc/+0 club (2)]
  2705 | D:6      | Reached skill level 11 in Axes
  2710 | D:6      | HP: 15/66 [bullfrog skeleton (3)]
  2714 | D:6      | HP: 5/66 [wight/cursed +0 scimitar (10)]
  2716 | D:6      | Slain by an orc warrior

Illustrated notes

Levels and vault maps discovered:
D:1:      tarquinn_simple_flora_water_f, layout_basic, serial_rivers,
          chequers_serial_rivers_small_3, chequers_serial_rivers_small_3,
          chequers_serial_rivers_marsh, chequers_serial_rivers_micro_b,
          chequers_serial_rivers_micro_d, minmay_tetromino_o4
D:2:      layout_loops_ring, lemuel_round_altar, minmay_goblin_kobold_house
D:3:      layout_rooms, good_gods_mini_temple, okawaru_ov_weapons_minmay
D:4:      layout_rooms, vehumet_crystals, lightli_temple_of_fire,
          minmay_temple_entry_overgrown, nicolae_ossuary_entry_plus,
          gup_sewer_entry_bowl, minmay_box_of_dots, uniq_edmund, uniq_pikel
D:5:      layout_basic
D:6:      layout_basic, minmay_between
Temple:   jpeg_temple_island

Skill      XL: |  1  2  3  4  5  6  7  8 |
---------------+-------------------------+-----
Axes           | 4 5 6 7 8 11 | 11.4
Evocations     | 1 7 |  7.3
Fighting       | |  1.7
Throwing       | |  1.7
Dodging        | |  3.2

Action                   |  1- 3 |  4- 6 |  7- 9 || total
-------------------------+-------+-------+-------++-------
Melee: War axe           |   101 |   124 |   112 ||   337
Throw: Throwing net      |       |     8 |       ||     8
 Abil: Heal Wounds       |       |       |     1 ||     1
       Evoke Blink       |       |       |     1 ||     1
Evoke: Wand              |       |     5 |    10 ||    15
  Use: Scroll            |     1 |    10 |       ||    11
       Potion            |       |     6 |     1 ||     7
 Stab: Sleeping          |     3 |       |       ||     3
       Held in net/web   |       |     5 |       ||     5
       Paralysed         |       |    12 |     9 ||    21
       Invisible         |       |     2 |       ||     2
       Distracted        |       |       |     1 ||     1
Armor: Leather armour    |    33 |     2 |       ||    35
       Scale mail        |       |    18 |       ||    18
       Ring mail         |       |    21 |    20 ||    41
Dodge: Dodged            |    81 |    95 |    69 ||   245

Table legend: (Time is in decaauts)
 A = Elapsed time spent in this place.
 B = Non-inter-level travel time spent in this place.
 C = Inter-level travel time spent in this place.
 D = Time resting spent in this place.
 E = Time spent auto-exploring this place.
 F = Levels seen in this place.
 G = Mean time per level.
                   A        B        C        D        E       F      G
               +--------+--------+--------+--------+--------+-----+--------+
         Total |   2752 |   2630 |    122 |      0 |      0 |   9 |  305.8 |
       Dungeon |   2373 |   2260 |    113 |      0 |      0 |   6 |  395.5 |
        Temple |     72 |     63 |      9 |      0 |      0 |   1 |   72.0 |
         Sewer |     95 |     95 |      0 |      0 |      0 |   1 |   95.0 |
       Ossuary |    210 |    210 |      0 |      0 |      0 |   1 |  210.0 |
               +--------+--------+--------+--------+--------+-----+--------+

Top non-repeatable levels by time:
     D:4: 636 daAuts
     D:2: 566 daAuts
     D:1: 518 daAuts
     D:3: 370 daAuts
     D:5: 249 daAuts
 Ossuary: 210 daAuts
   Sewer: 95 daAuts
  Temple: 72 daAuts
     D:6: 32 daAuts

Table legend:
 A = Kills in this place as a percentage of kills in entire the game.
 B = Kills by you in this place as a percentage of kills by you in the entire game.
 C = Kills by friends in this place as a percentage of kills by friends in the entire game.
 D = Other kills in this place as a percentage of other kills in the entire game.
 E = Experience gained in this place as a percentage of experience gained in the entire game.
 F = Experience gained in this place divided by the number of levels of this place that you have seen.
                   A       B       C       D       E      F
               +-------+-------+-------+-------+-------+----------------------
         Total | 100.0 | 100.0 | 100.0 |   N/A | 100.0 | 303.2
       Dungeon |  87.3 |  87.2 | 100.0 |   N/A |  92.0 | 418.3
         Sewer |   4.0 |   4.0 |   0.0 |   N/A |   4.4 | 119.0
       Ossuary |   8.7 |   8.7 |   0.0 |   N/A |   3.7 | 100.0
               +-------+-------+-------+-------+-------+----------------------
